Map: Ephemeron LE

Players

kalika

  • Race: Terran Terran
  • League: Diamond
  • Spawn Location: 5:00

goldenDrone - Winner!

  • Race: Zerg Zerg
  • League: Diamond
  • Spawn Location: 11:00

VOD

Have the link to the VOD?

Description

Time

  • Played on: Nov. 9, 2019, 2:46 p.m.
  • Length: 19:07
Show
View Real Time Build Order
Export as new Build Order

kalika Terran 

Build Orders:  

Get SALT Encoding   

  12  0:01  SCV  
  13  0:13  SCV  
  14  0:17  Supply Depot  
  14  0:25  SCV  
  15  0:29  Refinery  
  15  0:42  Barracks  
  15  0:50  Refinery  
  15  0:55  SCV  
  16  1:07  SCV  
  17  1:31  Marine  
  18  1:37  Factory  
  18  1:40  Orbital Command  
  18  1:49  Marine  
  19  2:07  SCV  
  20  2:11  Marine  
  20  2:14  Supply Depot  
  21  2:26  SCV  
  21  2:28  Factory Tech Lab  
  22  2:35  Starport  
  22  2:39  Barracks Reactor  
  22  2:44  SCV  
  22  2:51  Supply Depot  
  23  2:57  SCV  
  24  3:12  Fusion Core  
  24  3:24  Hellion  
  24  3:25  Hellion  
  28  3:28  SCV  
  29  3:37  Viking  
  31  3:43  SCV  
  32  3:51  Supply Depot  
  32  4:00  Weapon Refit  
  32  4:19  Battlecruiser  
  38  4:24  Supply Depot  
  38  4:47  Hellion x2  
  38  4:49  SCV, Supply Depot  
  43  5:23  Battlecruiser  
  49  5:30  Hellion x2  
  49  5:33  Supply Depot  
  49  5:35  Marine  
  54  5:51  Hellion  
  54  5:52  Hellion  
  56  6:27  Battlecruiser  
  62  6:38  Hellion x2  
  66  7:45  Battlecruiser  
  32  8:56  Battlecruiser  
  32  8:58  Hellion x2  
  32  8:59  Marine  
  43  9:17  Marine  
  22  10:16  Starport Tech Lab  
  22  10:18  SCV  
  21  10:37  Battlecruiser  
  21  10:38  SCV  
  28  10:52  SCV  
  29  11:08  SCV  
  30  11:36  SCV  
  31  11:48  SCV  
  32  12:00  SCV  
  33  12:12  SCV  
  34  12:50  SCV  
  35  13:31  Refinery  
  35  13:32  SCV  
  36  13:42  Marine  
  36  13:44  SCV  
  38  13:59  Marine  
  33  14:12  Battlecruiser  
  39  14:35  Marine  
  40  14:53  Marine  
  41  15:11  Marine  
  42  15:25  Starport Tech Lab  
  42  15:26  SCV  
  43  15:33  Marine  
  46  15:35  Widow Mine  
  46  15:42  Widow Mine  
  48  15:58  Widow Mine  
  50  16:14  Widow Mine  
  52  16:20  Widow Mine  
  54  16:44  Widow Mine x2  
  58  16:58  Supply Depot  
  58  17:03  Marine  
  58  17:05  Widow Mine x2  
  63  17:27  Widow Mine  
  63  17:28  Widow Mine  
  67  17:48  Widow Mine  
  67  17:50  Widow Mine  
Show
View Real Time Build Order
Export as new Build Order

goldenDrone Zerg - Winner!

Build Orders: Hatch First, Muta Ling Bane 

Get SALT Encoding   

  12  0:01  Drone  
  13  0:12  Overlord  
  13  0:17  Drone  
  14  0:31  Drone x2  
  16  0:54  Hatchery  
  16  0:55  Drone  
  16  0:58  Drone  
  16  1:02  Drone, Extractor  
  17  1:07  Drone  
  18  1:22  Spawning Pool  
  17  1:26  Drone  
  17  1:29  Drone  
  19  1:40  Overlord  
  19  1:50  Drone  
  20  2:08  Metabolic Boost  
  20  2:09  Hatchery  
  19  2:18  Zergling x4  
  19  2:19  Zergling x2  
  22  2:23  Drone  
  22  2:27  Drone  
  24  2:42  Queen  
  24  2:43  Queen  
  28  2:46  Drone  
  28  2:51  Drone  
  30  2:53  Drone  
  30  2:54  Drone  
  32  3:00  Overlord  
  32  3:02  Drone  
  32  3:05  Drone  
  34  3:07  Drone  
  34  3:11  Drone  
  36  3:27  Drone x3  
  36  3:28  Drone  
  40  3:35  Overlord  
  40  3:49  Drone  
  40  3:50  Drone x2  
  40  3:54  Extractor  
  40  3:55  Extractor, Lair  
  41  3:56  Spore Crawler  
  41  3:59  Roach Warren  
  41  4:01  Drone  
  40  4:04  Queen  
  40  4:06  Drone x2  
  44  4:16  Drone  
  45  4:18  Drone x5  
  45  4:22  Overlord  
  50  4:29  Overlord x2  
  50  4:36  Extractor  
  49  4:38  Drone  
  49  4:39  Evolution Chamber, Drone  
  49  4:40  Queen, Overlord  
  51  4:45  Queen  
  51  4:48  Drone x2  
  51  4:49  Drone  
  56  4:52  Glial Reconstitution  
  56  5:05  Zerg Ground Armor Level 1  
  56  5:08  Drone x2  
  56  5:13  Drone  
  56  5:14  Baneling Nest  
  58  5:15  Overlord  
  58  5:16  Roach  
  58  5:17  Roach x2  
  58  5:18  Roach  
  66  5:32  Drone  
  66  5:33  Spire  
  66  5:36  Drone x5  
  66  5:38  Overseer  
  71  5:49  Overlord  
  71  5:58  Centrifical Hooks  
  71  6:10  Overlord x2  
  71  6:20  Baneling x2  
  71  6:45  Zerg Flyer Weapons Level 1  
  71  6:48  Mutalisk x5  
  71  6:51  Infestation Pit  
  80  6:56  Mutalisk  
  82  7:07  Spore Crawler  
  79  7:08  Spore Crawler  
  79  7:09  Spore Crawler, Mutalisk  
  79  7:11  Spore Crawler  
  79  7:12  Spore Crawler x2  
  76  7:17  Mutalisk  
  76  7:20  Zergling x2, Overlord x2  
  76  7:21  Hatchery, Zergling x32  
  94  7:28  Overlord  
  94  7:29  Overlord x2  
  94  7:35  Evolution Chamber  
  94  7:36  Spine Crawler  
  82  7:54  Mutalisk x4  
  83  8:03  Mutalisk  
  75  8:19  Spine Crawler, Roach x4  
  78  8:20  Roach x4  
  65  8:44  Spore Crawler  
  65  8:45  Spore Crawler  
  65  8:47  Drone  
  60  8:49  Drone, Spore Crawler  
  58  8:57  Baneling x3  
  58  8:58  Baneling  
  57  9:18  Drone x5  
  49  10:05  Corruptor  
  49  10:06  Corruptor  
  45  10:16  Corruptor x2  
  35  10:32  Drone x3  
  38  10:47  Drone x3  
  38  10:49  Spore Crawler  
  40  10:57  Corruptor  
  42  11:35  Drone x6  
  48  11:49  Hatchery  
  48  11:51  Corruptor  
  48  11:52  Corruptor  
  51  11:58  Drone  
  52  12:10  Pathogen Glands  
  52  12:15  Corruptor x2  
  55  12:51  Hatchery  
  54  12:52  Mutalisk  
  54  12:53  Corruptor  
  58  13:17  Corruptor  
  58  13:18  Corruptor  
  52  13:40  Hatchery  
  51  13:59  Corruptor  
  51  14:08  Queen  
  53  14:13  Drone  
  54  14:31  Drone x3  
  57  14:39  Corruptor  
  55  15:25  Queen  
  55  15:26  Extractor  
  55  15:27  Extractor  
  55  15:28  Drone x8  
  61  15:34  Drone x3  
  66  15:53  Corruptor x2  
  66  15:54  Corruptor x2  
  74  16:07  Corruptor x3  
  78  16:15  Drone x5  
  78  16:17  Extractor  
  82  16:36  Neural Parasite  
  82  16:38  Infestor  
  82  16:39  Infestor  
  86  16:43  Infestor  
  88  17:07  Corruptor  
  88  17:08  Corruptor x2  
  94  17:27  Infestor  
  94  17:28  Hatchery, Infestor  
  97  17:45  Queen  
  99  18:04  Hatchery  
  99  18:05  Zergling x18  
  101  18:06  Zergling x4  
  109  18:24  Corruptor x2  
  109  18:25  Corruptor x5  
  123  18:28  Baneling x2  
  123  18:32  Baneling  
  123  18:33  Baneling  
  123  18:38  Spore Crawler  
  123  18:41  Spore Crawler  
  121  18:42  Spore Crawler x2  
  121  18:45  Spore Crawler x2  
  121  18:46  Spore Crawler x2  
  114  18:49  Spore Crawler  
Tags
 
Composition
Muta Ling Bane
Matchup
TvZ
Spawn Locations
Cross Positions
Add a new tag
Caveats
  • Supply blocks, unpowered buildings, or Contaminate may cause inaccurate times.
  • Supply counts are checked every 10 seconds.